 Dungeon Crawl Stone Soup version 0.30.0-13-g156ef70053 (webtiles) character file.

Game seed: 8074720241940120537

62034 LobsterGuardian the Slicer (level 14, -9/70 HPs)
             Began as a Spriggan Venom Mage on May 17, 2023.
             Was the Champion of Makhleb.
             Mangled by an ettin
             ... wielding a +0 dire flail
              (40 damage)
             ... on level 2 of the Orcish Mines on May 18, 2023.
             The game lasted 01:31:34 (22170 turns).

LobsterGuardian the Slicer (Spriggan Venom Mage)   Turns: 22170, Time: 01:31:34

Health: -9/70      AC: 10    Str:  6    XL:     14   Next: 62%
Magic:  37/37      EV: 18    Int: 26    God:    Makhleb [******]
Gold:   2713       SH:  7    Dex: 15    Spells: 11/31 levels left

rFire   . . .        A - +5 rapier (protect)
rCold   + + +        H - +2 buckler {rC+}
rNeg    . . .        m - +4 skin of Zhor {*Englaciate rC+++ SInv}
rPois   .            J - +1 hat
rElec   +            (no cloak)
rCorr   .            (gloves unavailable)
SInv    +            (boots unavailable)
Will    ++...        y - amulet of the acrobat
Stlth   +++          F - ring of magical power
HPRegen 0.31/turn    p - +6 ring of intelligence
MPRegen 0.25/turn

%: acrobat
@: very quick
A: very small, no large weapons, unfitting armour, see invisible, speed 3,
iridescent scales 1, electricity resistance
a: Renounce Religion, Minor Destruction, Lesser Servant of Makhleb, Major
Destruction, Greater Servant of Makhleb


You were on level 2 of the Orcish Mines.
You worshipped Makhleb.
Makhleb was exalted by your worship.
You visited 3 branches of the dungeon, and saw 19 of its levels.
You also visited: Sewer, Ice Cave and Volcano.

You collected 3089 gold pieces.
You spent 376 gold pieces at shops.

Inventory:

Hand Weapons
 c - a +1 dagger of venom
 j - a +1 dagger of protection
 A - a +5 rapier of protection (weapon)
Armour
 f - the +7 shadow dragon scales of Pemarphapt {rPois Will+ Str+4 Int+3 Stlth++++}
   (You acquired it on level 4 of the Dungeon)

   Str:       It affects your strength (+4).
   Int:       It affects your intelligence (+3).
   rPois:     It protects you from poison.
   Will:      It increases your willpower.
   Stlth:     It makes you much more stealthy.
 m - the +4 skin of Zhor (worn) {*Englaciate rC+++ SInv}
   (You found it in an ice cave)

   *Englaciate: It radiates cold, occasionally slowing all nearby creatures who
   are not resistant to cold.
   rC:        It renders you almost immune to cold.
   SInv:      It lets you see invisible.
 H - a +2 buckler of cold resistance (worn)
 J - a +1 hat (worn)
Jewellery
 d - a +6 ring of strength
 o - a ring of fire
 p - a +6 ring of intelligence (right hand)
 q - a +5 ring of evasion
 y - an amulet of the acrobat (around neck)
 F - a ring of magical power (left hand)
 L - a ring of protection from fire
 Q - a ring of ice
Wands
 w - a wand of polymorph (6)
 E - a wand of digging (5)
 G - a wand of light (15)
 K - a wand of flame (5)
 O - a wand of charming (4)
Scrolls
 a - 4 scrolls of identify
 e - 7 scrolls of teleportation
 r - 4 scrolls of noise
 t - 3 scrolls of enchant weapon
 u - 2 scrolls of fear
 v - 8 scrolls of fog
 x - a scroll of blinking
 z - 3 scrolls of amnesia
 B - 2 scrolls of poison
 C - a scroll of enchant armour
 P - a scroll of torment
Potions
 b - 4 potions of magic
 g - 2 potions of resistance
 h - a potion of heal wounds
 i - 3 potions of brilliance
 k - a potion of might
 l - a potion of haste
 n - 5 potions of lignification
 s - 2 potions of mutation
 D - 4 potions of curing
 I - a potion of cancellation
 M - 2 potions of invisibility
 N - a potion of ambrosia
Miscellaneous
 R - a box of beasts


   Skills:
 * Level 6.2 Fighting
 - Level 14.0 Short Blades
 - Level 11.0 Armour
 - Level 5.0 Dodging
 - Level 6.0 Stealth
 - Level 4.0 Shields
 + Level 9.4 Spellcasting
 - Level 4.0 Conjurations
 - Level 2.0 Transmutations
 + Level 2.2 Fire Magic
 - Level 2.0 Air Magic
 - Level 3.0 Earth Magic
 - Level 10.0 Poison Magic
 - Level 5.0 Invocations


You had 11 spell levels left.
You knew the following spells:

 Your Spells              Type           Power      Damage    Failure   Level
a - Sting                 Tmut/Pois      100%       1d8       1%          1
b - Poisonous Vapours     Pois/Air       86%        N/A       1%          2
c - Mephitic Cloud        Conj/Pois/Air  40%        N/A       2%          3
d - Olgreb's Toxic Radia  Pois           59%        N/A       1%          4
e - Ignite Poison         Fire/Tmut/Pois 37%        N/A       3%          3
f - Stone Arrow           Conj/Erth      60%        3d10      5%          3
g - Sticky Flame          Conj/Fire      28%        2d5       22%         4

Your spell library contained the following spells:

 Spells                   Type           Power      Damage    Failure   Level
 Spider Form              Tmut/Pois      43%        N/A       1%          3
 Sandblast                Erth           54%        2d13      2%          1
 Passwall                 Tmut/Erth      20%        N/A       4%          2
 Inner Flame              Hex/Fire       18%        N/A       14%         3
 Vhi's Electric Charge    Tloc/Air       34%        N/A       16%         3
 Ozocubu's Armour         Ice            12%        N/A       24%         3
 Arcjolt                  Conj/Air       13%        1d23      54%         5
 Summon Ice Beast         Ice/Summ       12%        N/A       61%         4
 Yara's Violent Unravell  Hex/Tmut       8%         3d5       82%         5
 Plasma Beam              Fire/Air       11%        2x1d24    99%         6
 Enfeeble                 Hex            6%         N/A       100%        7
 Ignition                 Fire           12%        3d6       100%        8


Dungeon Overview and Level Annotations

Branches:
Dungeon (12/15)            Temple (0/1) D:5            Lair (5/5) D:8
  Swamp (0/4) Lair:2       Spider (0/4) Lair:2        Slime (0/5) Lair:4
    Orc (2/2) D:10          Sewer (visited)           IceCv (visited)
Volcano (visited)
    Elf: Orc:2

Altars:
Ashenzari
Dithmenos
Fedhas
Gozag
Kikubaaqudgha
Makhleb
Okawaru
Ru
Vehumet
Wu Jian
Xom
Yredelemnul
The Shining One
Jiyva

Shops:
D:3 !*   D:4 =   Orc:2 [

Annotations:
D:5 3 runed translucent doors, monsoonserge's ghost, novice MeMo


Innate Abilities, Weirdness & Mutations

You are very small and have problems with some larger weapons.
You are too small for most types of armour.
You have supernaturally acute eyesight. (SInv)
You cover ground extremely quickly. (Speed+++)
You are partially covered in iridescent scales. (AC +2)
You are resistant to electric shocks. (rElec)


Message History

There is a stone staircase leading down here.
There is a stone staircase leading up here.
You climb upwards.
There is a stone staircase leading down here.
There is an open door here.
There is a staircase back to the Dungeon here.
You climb upwards.
Welcome back to the Dungeon!
There is a staircase to the Lair here.
There is a stone staircase leading down here.
You climb downwards.
There is a stone staircase leading up here.
There is a stone staircase leading down here.
You climb downwards.
There is a stone staircase leading up, spattered with blood here.
There is a stone staircase leading up, spattered with blood here.
You can't see any susceptible monsters within range! (Use Z to cast anyway.)
You can't see any susceptible monsters within range! (Use Z to cast anyway.)
You hit the orc zombie.
Your weapon exudes an aura of protection.
The orc zombie is heavily damaged.
The stone arrow hits the orc zombie!!
You destroy the orc zombie!
Makhleb accepts your kill.
Magic restored.
Done exploring.
(D) Dungeon (T) Temple (L) Lair (S) Swamp (N) Spider Nest (M) Slime Pits (O) Orcish Mines
Where to? (Enter - Orc:2, ? - help)
There is a staircase to the Orcish Mines here.
You climb downwards.
Welcome back to the Orcish Mines!
There is a staircase back to the Dungeon here.
There is a stone staircase leading down here.
You climb downwards.
You block the ettin's attack. The ettin closely misses you.
There is a stone staircase leading up here.
The ettin hits you with a +0 dire flail!!!
Ouch! That really hurt!
The ettin hits you with a +0 dire flail!!!
Ouch! That really hurt!
You die...

.C...........##
...∩.P......#..
...P...........
...............
...............
.............#
#......C.....#
#.$...@..#
..#....#..#
....... ...#
....... .....
....... .P.....
....... P......
.....P. .......
....... ..C....


You could see 2 ettins and a cyclops (wandering).

Vanquished Creatures
  Gastronok (Lair:2)
  An ice dragon (Lair:4)
  Fannar (Lair:3)
  An ogre mage (Volcano)
  7 hydras
  9 two-headed ogres
  Sonja (Orc:1)
  A skyshark (Lair:2)
  A hell knight (Volcano)
  Amaemon (Lair:3)
  2 bog bodies (IceCv)
  An orc knight (Orc:1)
  A deep elf pyromancer (D:8)
  2 cyclopes
  8 elephants
  5 black mambas
  2 ice statues
  2 molten gargoyles (Volcano)
  An orange demon (Lair:3)
  An eye of devastation (Lair:4)
  7 cane toads
  A gargoyle (D:8)
  A torpor snail (Lair:1)
  A rime drake (Lair:2)
  6 komodo dragons
  2 unseen horror zombies (D:9)
  Psyche (D:8)
  2 anaconda simulacra (IceCv)
  2 trolls (Orc:1)
  12 polar bears
  A tyrant leech (Lair:2)
  Prince Ribbit (D:6)
  29 blink frogs
  A blink frog (shapeshifter) (Lair:5)
  A hornet (D:8)
  4 shadows
  4 jumping spiders (Lair:2)
  A ynoxinul (Lair:5)
  2 culicivoras (Lair:2)
  28 yaks
  2 dire elephant simulacra (IceCv)
  5 humans (D:8)
  6 fire bats (Volcano)
  2 wraiths
  A chaos spawn (Lair:5)
  5 wyverns
  Eustachio (D:5)
  3 small abominations (Lair:5)
  2 steam dragons (D:8)
  2 vampire mosquitoes (D:11)
  2 basilisks
  3 death yak simulacra (IceCv)
  A large abomination (Lair:5)
  2 redbacks (Lair:2)
  2 wargs (Orc:1)
  Edmund (D:6)
  A hydra simulacrum (IceCv)
  15 water moccasins
  An acid dragon (D:10)
  2 swamp worms (Lair:2)
  2 hell hounds (Orc:1)
  A floating eye (Lair:4)
  5 orc warriors
  4 ice beasts
  A hornet zombie (D:9)
  3 centaurs
  An ogre (Orc:1)
  8 wolves
  A phantom (D:6)
  2 kobold brigands (D:9)
  A scorpion (D:4)
  5 two-headed ogre simulacra (IceCv)
  2 cane toad simulacra (IceCv)
  8 bullfrogs
  4 necrophages (D:9)
  20 wights
  2 troll zombies (D:10)
  An elephant simulacrum (IceCv)
  28 killer bees
  A jelly (D:8)
  8 howler monkeys
  4 crimson imps (D:9)
  2 centaur zombies (D:9)
  5 hounds
  A human zombie (D:9)
  5 lava snakes (Volcano)
  6 orc priests
  2 gnoll boudas
  Jessica (D:2)
  3 sleepcaps
  10 orc wizards
  3 iguanas
  2 polar bear simulacra (IceCv)
  6 troll simulacra (IceCv)
  7 spriggan simulacra (IceCv)
  4 wolf simulacra (IceCv)
  6 ogre zombies (D:10)
  2 naga simulacra (IceCv)
  8 adders
  5 gnolls
  8 white imps
  9 ufetubi (IceCv)
  3 dart slugs
  39 orcs
  3 endoplasms
  14 giant cockroaches
  5 goblins
  6 hobgoblins
  6 jackals
  4 quokkas
  8 ball pythons
  2 bats (D:2)
  8 frilled lizards (Sewer)
  A goblin skeleton (D:10)
  A goblin zombie (D:10)
  2 hobgoblin skeletons (D:10)
  3 hobgoblin zombies (D:10)
  12 kobolds
  3 orc skeletons (D:10)
  15 orc zombies (D:10)
  9 rats
566 creatures vanquished.

Vanquished Creatures (collateral kills)
  Jorgrun (Orc:1)
  A hydra (Lair:2)
  An orc warrior (Orc:1)
  An ogre (Orc:1)
  A bullfrog (D:8)
  A gnoll sergeant (D:8)
  3 wights
  4 killer bees (D:8)
  2 jellies
  An orc wizard (D:5)
  7 gnolls
  A white imp (D:5)
  7 orcs
31 creatures vanquished.

Grand Total: 597 creatures vanquished

Notes
Turn   | Place    | Note
-------+----------+-------------------------------------------
     0 | D:1      | LobsterGuardian the Spriggan Venom Mage began the quest for
                  | the Orb.
     0 | D:1      | Reached XP level 1. HP: 9/9 MP: 5/5
   316 | D:1      | Reached XP level 2. HP: 13/13 MP: 1/6
   414 | D:1      | Learned a level 2 spell: Poisonous Vapours
  1104 | D:2      | Noticed Jessica
  1110 | D:2      | Killed Jessica
  1111 | D:2      | Reached XP level 3. HP: 16/16 MP: 4/8
  1115 | D:2      | Learned a level 3 spell: Mephitic Cloud
  1299 | D:2      | Found a faded altar of an unknown god.
  1317 | D:2      | Prayed at the altar of an unknown god.
  1317 | D:2      | Became a worshipper of Makhleb the Destroyer
  1317 | D:2      | Reached * piety under Makhleb
  2144 | D:3      | Found Juamyisho's General Store.
  2173 | D:3      | Reached XP level 4. HP: 20/21 MP: 1/9
  2307 | D:3      | Reached skill level 5 in Poison Magic
  2457 | D:3      | Found Hiovaa Fenk's Distillery.
  2884 | D:4      | Identified a scroll of acquirement
  2884 | D:4      | Acquired the +7 shadow dragon scales of Pemarphapt {rPois
                  | Will+ Str+4 Int+3 Stlth++++}
  2916 | D:4      | Reached ** piety under Makhleb
  2959 | D:4      | Found Lahoick's Jewellery Shoppe.
  2986 | D:4      | Reached XP level 5. HP: 20/24 MP: 9/11
  3080 | D:4      | Reached skill level 1 in Armour
  3177 | D:4      | Reached XP level 6. HP: 28/28 MP: 13/13
  3237 | D:4      | Found a sacrificial altar of Ru.
  3398 | D:4      | Found a glowing drain.
  3402 | Sewer    | Entered a sewer
  3625 | Sewer    | Reached *** piety under Makhleb
  3649 | Sewer    | Reached skill level 5 in Spellcasting
  4479 | D:4      | Gained mutation: You expend magic power (3 MP) to
                  | strengthen your wands. [potion of mutation]
  4479 | D:4      | Gained mutation: You occasionally shout uncontrollably at
                  | your foes. [potion of mutation]
  4479 | D:4      | Gained mutation: You have a pair of small horns on your
                  | head. [potion of mutation]
  4557 | D:3      | Bought 2 potions of mutation for 176 gold pieces
  4558 | D:3      | Lost mutation: You expend magic power (3 MP) to strengthen
                  | your wands. [potion of mutation]
  4558 | D:3      | Lost mutation: You occasionally shout uncontrollably at
                  | your foes. [potion of mutation]
  4558 | D:3      | Lost mutation: You have a pair of small horns on your head.
                  | [potion of mutation]
  4558 | D:3      | Gained mutation: Armour fits poorly on your strangely
                  | shaped body. [potion of mutation]
  4558 | D:3      | Lost mutation: Armour fits poorly on your strangely shaped
                  | body. [potion of mutation]
  4594 | D:5      | Entered Level 5 of the Dungeon
  4599 | D:5      | Reached XP level 7. HP: 32/32 MP: 15/15
  4612 | D:5      | Reached skill level 1 in Short Blades
  4722 | D:5      | You fall into a shaft and drop 1 floor!
  5053 | D:5      | Reached skill level 2 in Short Blades
  5059 | D:5      | Noticed monsoonserge's ghost (novice MeMo)
  5192 | D:5      | Found a staircase to the Ecumenical Temple.
  5208 | D:5      | Reached skill level 1 in Shields
  5258 | D:5      | Found a runed translucent gate.
  5258 | D:5      | Found a runed translucent gate.
  5258 | D:5      | Found a runed translucent gate.
  5324 | D:5      | Found an opulent altar of Gozag.
  5427 | D:5      | Noticed Eustachio
  5447 | D:5      | Killed Eustachio
  5448 | D:5      | Reached XP level 8. HP: 28/36 MP: 16/16
  5697 | D:5      | Learned a level 4 spell: Olgreb's Toxic Radiance
  5734 | D:6      | Noticed Prince Ribbit
  5746 | D:6      | Killed Prince Ribbit
  5747 | D:6      | Reached skill level 3 in Short Blades
  5833 | D:6      | Reached skill level 4 in Short Blades
  5995 | D:6      | Noticed Edmund
  6012 | D:6      | Killed Edmund
  6205 | D:6      | Identified the +3 spear "Qismest" {freeze, *Corrode rN+
                  | Int+4}
  6605 | D:7      | Reached skill level 5 in Short Blades
  6644 | D:7      | Reached skill level 6 in Short Blades
  6644 | D:7      | Reached XP level 9. HP: 20/39 MP: 17/17
  6741 | D:7      | Found an iron altar of Okawaru.
  6778 | D:7      | Found an ancient bone altar of Kikubaaqudgha.
  6836 | D:7      | Found a glowing golden altar of the Shining One.
  7326 | D:7      | Reached skill level 7 in Short Blades
  7502 | D:8      | Found an ornate altar of the Wu Jian Council.
  7530 | D:8      | Reached **** piety under Makhleb
  7543 | D:8      | Reached skill level 5 in Armour
  7556 | D:8      | Reached skill level 8 in Short Blades
  7634 | D:8      | Found a staircase to the Lair.
  7765 | D:8      | Noticed a cyclops
  7765 | D:8      | Noticed a deep elf pyromancer
  7780 | D:8      | Killed a deep elf pyromancer
  7781 | D:8      | Reached skill level 9 in Short Blades
  7781 | D:8      | Reached XP level 10. HP: 39/44 MP: 18/18
  7805 | D:8      | Killed a cyclops
  7859 | D:8      | Found a blossoming altar of Fedhas.
  7894 | D:8      | Reached skill level 10 in Short Blades
  7939 | D:8      | Noticed a gargoyle
  7982 | D:8      | Killed a gargoyle
  8074 | D:8      | Found a radiant altar of Vehumet.
  8276 | D:8      | Reached skill level 11 in Short Blades
  8427 | D:8      | Found a broken altar of Ashenzari.
  8599 | D:8      | Noticed Psyche
  8606 | D:8      | Killed Psyche
  8733 | D:9      | Reached ***** piety under Makhleb
  8964 | D:9      | Reached XP level 11. HP: 23/47 MP: 19/19
  9100 | D:9      | Found a shimmering altar of Xom.
  9153 | D:9      | Gained mutation: You are partially covered in iridescent
                  | scales. (AC +2) [potion of mutation]
  9153 | D:9      | Gained mutation: You are resistant to electric shocks.
                  | (rElec) [potion of mutation]
  9243 | D:9      | Reached skill level 12 in Short Blades
  9310 | D:9      | Found a basalt altar of Yredelemnul.
  9504 | D:9      | Noticed a two-headed ogre
  9523 | D:9      | Killed a two-headed ogre
  9671 | D:9      | Noticed a two-headed ogre
  9703 | D:9      | Killed a two-headed ogre
  9704 | D:9      | Reached skill level 13 in Short Blades
  9877 | D:10     | Entered Level 10 of the Dungeon
 10077 | D:10     | Found a staircase to the Orcish Mines.
 10736 | D:10     | Found a shadowy altar of Dithmenos.
 10835 | D:11     | Noticed a two-headed ogre
 10838 | D:11     | Killed a two-headed ogre
 10839 | D:11     | Reached skill level 14 in Short Blades
 10875 | D:11     | Identified the +0 sling "Ruluasui" {antimagic, Int+4 Dex+4}
 10993 | D:11     | Noticed a two-headed ogre
 11012 | D:11     | Killed a two-headed ogre
 11131 | D:11     | Found a glowing golden altar of the Shining One.
 11179 | D:11     | Acquired 1262 gold pieces
 11210 | D:11     | Reached ****** piety under Makhleb
 11533 | D:11     | Noticed a two-headed ogre
 11557 | D:11     | Killed a two-headed ogre
 11558 | D:11     | Reached XP level 12. HP: 21/51 MP: 20/20
 11877 | D:11     | Learned a level 3 spell: Ignite Poison
 12118 | Orc:1    | Entered Level 1 of the Orcish Mines
 12122 | Orc:1    | Noticed Sonja
 12127 | Orc:1    | Noticed Jorgrun
 12142 | Orc:1    | Killed Sonja
 12162 | Orc:1    | Killed Jorgrun
 12163 | Orc:1    | Reached skill level 1 in Fighting
 12631 | Orc:1    | Found a dark tunnel.
 12671 | Volcano  | Entered a volcano
 12756 | Volcano  | Reached skill level 10 in Armour
 12972 | Volcano  | Noticed a two-headed ogre
 12989 | Volcano  | Killed a two-headed ogre
 12998 | Volcano  | Found a bloodstained altar of Trog.
 12998 | Volcano  | Noticed a two-headed ogre
 12998 | Volcano  | Noticed a two-headed ogre
 12998 | Volcano  | Noticed an ogre mage
 13002 | Volcano  | Killed a two-headed ogre
 13003 | Volcano  | Reached skill level 5 in Stealth
 13014 | Volcano  | Killed a two-headed ogre
 13019 | Volcano  | Killed an ogre mage
 13032 | Volcano  | Noticed a two-headed ogre
 13043 | Volcano  | Killed a two-headed ogre
 13207 | Orc:2    | Entered Level 2 of the Orcish Mines
 13207 | Orc:2    | Noticed an ettin
 13207 | Orc:2    | Noticed an ettin
 13207 | Orc:2    | Found Foheadgh's Antique Armour Boutique.
 13275 | Lair:1   | Entered Level 1 of the Lair of Beasts
 13321 | Lair:1   | Reached skill level 5 in Fighting
 13555 | Lair:1   | Reached XP level 13. HP: 63/63 MP: 15/21
 13822 | Lair:1   | Reached skill level 10 in Poison Magic
 13880 | Lair:1   | Found the +8 whip "Snakebite" {venom, curare, rPois}
 14499 | Lair:2   | Found a frozen archway.
 14508 | IceCv    | Entered an ice cave
 14718 | IceCv    | Found the +4 skin of Zhor {*Englaciate rC+++ SInv}
 14865 | IceCv    | Identified the +8 broad axe "Viwnoidu" {flame, *Slow rElec
                  | rCorr Int+2}
 15667 | IceCv    | Identified the +8 swamp dragon scales of Hecusisy {rPois
                  | Dex+3}
 15832 | Lair:2   | Reached skill level 1 in Air Magic
 15919 | Lair:2   | Learned a level 3 spell: Stone Arrow
 16033 | Lair:2   | Found a hole to the Spider Nest.
 16499 | D:4      | Bought a ring of magical power for 200 gold pieces
 16840 | Lair:2   | Reached skill level 1 in Conjurations
 16939 | Lair:2   | Reached skill level 1 in Earth Magic
 17488 | Lair:2   | Noticed Gastronok
 17509 | Lair:2   | Killed Gastronok
 18030 | Lair:2   | Found a staircase to the Swamp.
 18084 | Lair:3   | Noticed Amaemon
 18091 | Lair:3   | Killed Amaemon
 18207 | Lair:3   | You fall into a shaft and drop 2 floors!
 18207 | Lair:5   | Entered Level 5 of the Lair of Beasts
 18213 | Lair:5   | Reached XP level 14. HP: 68/68 MP: 27/27
 18218 | Lair:5   | Reached skill level 1 in Invocations
 18441 | Lair:5   | Identified the +4 mace "Boggez" {drain, Dex+3 SInv}
 19145 | Lair:3   | Reached skill level 5 in Invocations
 19309 | Lair:4   | Reached skill level 1 in Fire Magic
 19499 | Lair:4   | Reached skill level 5 in Dodging
 19546 | Lair:4   | Learned a level 4 spell: Sticky Flame
 20147 | Lair:3   | Noticed Fannar
 20152 | Lair:3   | Killed Fannar
 21027 | Lair:4   | Found a staircase to the Slime Pits.
 21027 | Lair:4   | Found a viscous altar of Jiyva.
 21993 | Lair:4   | Got the Spellbook of the True Pharaoh
 21995 | Lair:4   | Identified the staff of fire "Axaameeg" {rElec rF+ rC++
                  | Str-2}
 22170 | Orc:2    | Mangled by an ettin

Illustrated notes

Levels and vault maps discovered:
D:1:      dpeg_arrival_castle, layout_basic
D:2:      layout_loops_corners, basic_ecumenical_altar, uniq_jessica
D:3:      layout_loops_ring, serial_shops, shop, shop
D:4:      layout_basic, mainiacjoe_overflow_boulevard, enter_ossuary_1,
          serial_shops, nicolae_inconvenience_store, gup_sewer_entry_spiral
D:5:      layout_loops_ring, nicolae_gozag_seed_capital,
          minmay_temple_entry_waves, gammafunk_ghost_split, kennysheep_nub,
          uniq_eustachio
D:6:      layout_loops_corners, corexii_corridor_pit, uniq_prince_ribbit1,
          uniq_edmund
D:7:      layout_loops_cross, general_overflow_altar,
          mainiacjoe_overflow_two_lobes
D:8:      kennysheep_blocky_room, layout_loops_ring, amcnicky_altar_gilded,
          nicolae_vehumet_altar_sigil, fedhas_altar_2,
          nicolae_wu_jian_wuxing_cycle, lair_entry_dummy, enter_bailey_3,
          minmay_ruffians, uniq_psyche
D:9:      layout_loops_cross, led_xom_imps, lemuel_mausoleum_altar_yredelemnul
D:10:     layout_rooms, lemuel_coloured_pillars_altar, zombieorc2_lemuel,
          minmay_misc_feat_rugged
D:11:     layout_layer_cave, tso_metal_star
D:12:     layout_rooms, serial_shops, nicolae_diamond_shop,
          serial_co_window_serial, co_window_corner_a, co_window_paths_a,
          co_window_paths_b, co_window_paths_a, co_window_corner_a,
          co_window_broadway_c, co_window_corner_b, co_window_unsneaky_path_d,
          co_window_cross_3, co_window_of_opportunity_b, co_window_4corner_a,
          glass_columns_b, glass_columns_a, glass_columns_a,
          chequers_serial_rivers_room_a
Lair:1:   minmay_guarded_unrand_snakebite, layout_regular_city
Lair:2:   layout_gridlike, palyth_hydra_swamp_entry,
          nicolae_spider_entry_tight_spaces, portal_ice_cave_entry_pillars_2,
          uniq_gastronok
Lair:3:   layout_gridlike, uniq_fannar, uniq_amaemon
Lair:4:   layout_regular_city, minmay_slime_entry_eyes, gauntlet_entry_generic,
          ice2_lemuel, lemuel_fruit_tree
Lair:5:   hellmonk_lair_end_abyssal_woods, layout_long_grid,
          infiniplex_staircase_pool
Orc:1:    layout_caves, enter_volcano_3, uniq_snorg, uniq_jorgrun, uniq_sonja
Orc:2:    grunt_orc_gardens, layout_caves, grunt_orc_garden, grunt_orc_garden,
          grunt_orc_garden, grunt_orc_garden

Skill      XL: |  1  2  3  4  5  6  7  8  9 10 11 12 13 14 |
---------------+-------------------------------------------+-----
Transmutations | 2 |  2.0
Poison Magic   | 4 5 6 9 10 | 10.0
Spellcasting   | 3 4 5 8 9 |  9.4
Armour         | 1 3 4 5 7 9 10 11 | 11.0
Dodging        | 3 5 |  5.0
Short Blades   | 2 6 9 11 14 | 14.0
Shields        | 1 2 4 |  4.0
Fighting       | 5 6 |  6.2
Stealth        | 5 6 |  6.0
Air Magic      | 2 |  2.0
Conjurations   | 4 |  4.0
Earth Magic    | 3 |  3.0
Invocations    | 5 |  5.0
Fire Magic     | 2 |  2.2

Action                     |  1- 3 |  4- 6 |  7- 9 | 10-12 | 13-15 || total
---------------------------+-------+-------+-------+-------+-------++-------
  Melee: Unarmed           |     9 |       |       |       |       ||     9
         Dagger            |    36 |   204 |    87 |       |       ||   327
         Punch             |       |     1 |       |       |       ||     1
         Rapier            |       |       |   226 |  1226 |   478 ||  1930
   Cast: Sting             |    51 |    15 |     2 |    43 |    21 ||   132
         Poisonous Vapours |     1 |       |       |       |     8 ||     9
         Olgreb's Toxic Ra |       |       |       |     3 |    31 ||    34
         Stone Arrow       |       |       |       |       |   143 ||   143
         Ignite Poison     |       |       |       |       |    50 ||    50
         Mephitic Cloud    |       |       |       |       |    33 ||    33
         Sticky Flame      |       |       |       |       |     1 ||     1
 Invoke: Lesser Servant of |       |       |     4 |     1 |     1 ||     6
  Evoke: Wand              |       |       |     3 |    12 |     1 ||    16
    Use: Scroll            |     4 |     8 |     6 |     8 |     4 ||    30
         Potion            |       |     2 |     1 |     3 |     4 ||    10
   Stab: Sleeping          |     3 |    16 |     8 |    27 |    12 ||    66
         Invisible         |       |       |     3 |    16 |       ||    19
         Distracted        |       |       |       |     3 |       ||     3
         Confused          |       |       |       |       |     1 ||     1
 Armour: Robe              |    10 |       |       |       |       ||    10
         Shadow dragon sca |       |    85 |   129 |   306 |    29 ||   549
         Animal skin       |       |       |       |       |    71 ||    71
  Dodge: Dodged            |    27 |    92 |   240 |   637 |   325 ||  1321
  Block: Buckler           |       |    44 |   129 |   279 |   114 ||   566
